 Dungeon Crawl Stone Soup version 0.25-a0-1007-g10a8c3caa8 (webtiles) character file.

Game seed: 675200562751427739, levelgen mode: deterministic

74 Flugslaktarn the Covered (level 4, -2/40 HPs)
             Began as a Minotaur Fighter on May 11, 2020.
             Slain by Pikel
             ... wielding a +0 whip of freezing
              (3 damage)
             ... on level 4 of the Dungeon.
             The game lasted 00:00:29 (989 turns).

Flugslaktarn the Covered (Minotaur Fighter)          Turns: 989, Time: 00:00:29

Health: -2/40      AC:  9    Str: 20    XL:     4   Next: 10%
Magic:  3/3        EV:  5    Int:  5    God:
Gold:   86         SH:  9    Dex: 11    Spells: 3/3 levels left

rFire    . . .     SeeInvis .   a - +0 war axe
rCold    . . .     Gourm    .   c - +0 kite shield
rNeg     . . .     Faith    .   h - +0 chain mail
rPois    .         Spirit   .   (helmet restricted)
rElec    .         Reflect  .   (no cloak)
rCorr    .         Harm     .   (no gloves)
MR       .....                  (no boots)
Stlth    ..........             (no amulet)
HPRegen  0.13/turn              (no ring)
MPRegen  0.08/turn              (no ring)

@: lethally poisoned (-2 -> -5)
A: retaliatory headbutt, horns 2
a: no special abilities


You were on level 4 of the Dungeon.
You were not hungry.

You visited 1 branch of the dungeon, and saw 4 of its levels.

You collected 86 gold pieces.

Inventory:

Hand Weapons
 a - a +0 war axe (weapon)
Armour
 b - a +0 scale mail
 c - a +0 kite shield (worn)
 h - a +0 chain mail (worn)
   (You found it on level 1 of the Dungeon)
Scrolls
 g - a scroll of enchant weapon {unknown}
 j - a scroll of identify {unknown}
 l - a scroll of magic mapping {unknown}
 m - a scroll of teleportation {unknown}
Potions
 d - a potion of might
 i - a potion of curing {unknown}
 k - a potion of stabbing {unknown}
Comestibles
 e - 5 rations


   Skills:
 + Level 4.2 Fighting
 * Level 3.9 Axes
 + Level 4.2 Armour
 + Level 4.2 Shields


You had 3 spell levels left.
You didn't know any spells.
Your spell library was empty.

Dungeon Overview and Level Annotations

Branches:
Dungeon (4/15)
 Temple: D:4-7

Altars:

Annotations:
D:4 Grinder, Pikel


Innate Abilities, Weirdness & Mutations

You reflexively headbutt those who attack you in melee.
You have a pair of horns on your head.


Message History

The worker ant bites you but does no damage.
Pikel hits you with a +0 whip of freezing.
Pikel freezes you. You block the slave's attack.
The worker ant bites you but does no damage.
You closely miss Pikel.
Pikel is moderately wounded.
You hit the slave. You completely miss the worker ant.
Pikel hits you but does no damage. You block the worker ant's attack.
The slave barely misses you. Pikel hits you but does no damage.
The worker ant bites you.
* * * LOW HITPOINT WARNING * * *
You are poisoned.
The worker ant poisons you!
You are too injured to fight recklessly!
You are too injured to fight recklessly!
You feel sick. You block the slave's attack.
Pikel hits you with a +0 whip of freezing!
* * * LOW HITPOINT WARNING * * *
Pikel freezes you.
You die...

....### ######
#..... .....#
#....? #.....#
#..... ......#
#.....##......#
#..?..#..[.#...
#..p......#
#.#ap......
#.#@K.####+
..###.# ... .#
.... # #....
.....


You could see Pikel, 2 slaves and a worker ant.

Vanquished Creatures
  2 slaves (D:4)
  Ijyb (D:3)
  An adder (D:2)
  A worm (D:3)
  2 dart slugs
  A leopard gecko (D:1)
  An orc (D:3)
  A ball python (D:3)
  A bat (D:1)
  3 giant cockroaches
  9 goblins
  3 jackals (D:3)
  2 kobolds
  A rat (D:3)
29 creatures vanquished.

Notes
Turn   | Place    | Note
-------+----------+-------------------------------------------
     0 | D:1      | Flugslaktarn the Minotaur Fighter began the quest for the
                  | Orb.
     0 | D:1      | Reached XP level 1. HP: 19/19 MP: 0/0
   202 | D:1      | Reached XP level 2. HP: 25/27 MP: 1/1
   394 | D:3      | Reached XP level 3. HP: 28/33 MP: 2/2
   500 | D:3      | Noticed Ijyb
   515 | D:3      | Killed Ijyb
   575 | D:3      | Reached XP level 4. HP: 40/40 MP: 3/3
   770 | D:4      | Noticed Pikel
   770 | D:4      | Noticed a slave
   770 | D:4      | Noticed a slave
   770 | D:4      | Noticed a slave
   770 | D:4      | Noticed a slave
   772 | D:4      | Noticed Grinder
   779 | D:4      | Killed a slave
   986 | D:4      | Killed a slave
   989 | D:4      | HP: 1/40 [Pikel/+0 whip of freezing (7)]
   989 | D:4      | Slain by Pikel

Illustrated notes

Levels and vault maps discovered:
D:1:      lemuel_arrival_rhombus, layout_basic, nemelex_diamond_rough_becter
D:2:      cheibrodos_pilgrimage, layout_loops_corners,
          chequers_temple_overflow_minitemple, nicolae_qazlal_general_emergency
D:3:      kennysheep_the_goblin_king, layout_basic, first_ration
D:4:      layout_basic, kennysheep_generic_room_9, uniq_natasha, uniq_grinder,
          uniq_pikel

Skill      XL: |  1  2  3 |
---------------+----------+-----
Axes           | 3 |  3.9
Fighting       | 4 |  4.2
Armour         | 4 |  4.2
Shields        | 4 |  4.2

Action                   |  1- 3 |  4- 6 || total
-------------------------+-------+-------++-------
Melee: War axe           |    45 |    23 ||    68
       Headbutt          |     7 |     4 ||    11
Armor: Chain mail        |    30 |    29 ||    59
       Scale mail        |     2 |       ||     2
Dodge: Dodged            |    11 |     5 ||    16
Block: Kite shield       |    25 |    22 ||    47

Table legend:
 A = Non-vault XP
 B = Vault XP
 C = Vault XP percentage of total XP
 D = Non-vault monster count
 E = Vault monster count
 F = Vault count percentage of total count
                 A         B        C        D         E       F
            +---------+---------+-------+---------+---------+-------
      Total |      57 |      50 |  46.7 |      20 |       7 |  25.9
            +---------+---------+-------+---------+---------+-------
        D:1 |      13 |       0 |   0.0 |       5 |       0 |   0.0
        D:2 |      21 |       0 |   0.0 |       4 |       0 |   0.0
        D:3 |      23 |      50 |  68.5 |      11 |       7 |  38.9
            +---------+---------+-------+---------+---------+-------
